 Dungeon Crawl Stone Soup version 0.30-a0-23-ge60ba3568b (webtiles) character file.

Game seed: 1021330822655758967

24 billz999 the Chopper (level 2, -3/24 HPs)
             Began as a Demonspawn Monk on Aug 25, 2022.
             Killed from afar by a dart slug (6 damage)
             ... with a slug dart
             ... on level 1 of the Dungeon.
             The game lasted 00:01:33 (938 turns).

billz999 the Chopper (Demonspawn Monk)               Turns: 938, Time: 00:01:34

Health: -3/24      AC:  2    Str: 11    XL:     2   Next: 79%
Magic:  2/2        EV: 12    Int: 11    God:
Gold:   23         SH:  0    Dex: 15    Spells: 1/1 levels left

rFire   . . .      SeeInvis .    a - +0 hand axe
rCold   . . .      Faith    .    (no shield)
rNeg    . . .      Spirit   .    b - +0 robe
rPois   .          Reflect  .    (no helmet)
rElec   .          Harm     .    (no cloak)
rCorr   .          Rampage  .    (no gloves)
Will    .....                    (no boots)
Stlth   ++........               (no amulet)
HPRegen 0.08/turn                (no ring)
MPRegen 0.08/turn                (no ring)

@: no status effects
A: hooves 1
a: no special abilities


You were on level 1 of the Dungeon.
You visited 1 branch of the dungeon, and saw 1 of its levels.

You collected 23 gold pieces.

Inventory:

Hand Weapons
 a - a +0 hand axe (weapon)
Armour
 b - a +0 robe (worn)
Scrolls
 g - a scroll of noise {unknown}
 h - a scroll of teleportation {unknown}
Potions
 c - a potion of ambrosia
 d - a potion of haste {unknown}
 e - a potion of curing {unknown}
 f - a potion of heal wounds {unknown}


   Skills:
 + Level 3.3 Fighting
 * Level 3.4 Axes
 - Level 2.6 Dodging
 - Level 1.7 Stealth


You had one spell level left.
You didn't know any spells.
Your spell library was empty.

Dungeon Overview and Level Annotations

Branches:
Dungeon (1/15)

Altars:


Innate Abilities, Weirdness & Mutations

You have large cloven feet.


Message History

The jackal is heavily wounded.
The jackal bites you.
You hit the jackal. Your kick misses the jackal.
The jackal is severely wounded.
The jackal bites you. x2
You hit the jackal but do no damage.
The jackal is severely wounded.
The jackal bites you. The jackal closely misses you.
You hit the endoplasm.
You kick the endoplasm, but do no damage.
The endoplasm is severely wounded.
You closely miss the jackal. The endoplasm freezes you.
You are frozen.
The jackal bites you.
You hit the endoplasm.
You kill the endoplasm!
You hit the jackal. The jackal bites you. x2
* * * LOW HITPOINT WARNING * * *
You completely miss the jackal.
The jackal is almost dead.
The jackal barely misses you. The dart slug launches a dart at you.
The slug dart hits you.
* * * LOW HITPOINT WARNING * * *
The jackal closely misses you. The jackal attacks as you move away!
The jackal barely misses you.
The jackal bites you but does no damage.
The jackal attacks as you move away! The jackal closely misses you.
The jackal bites you but does no damage.
The dart slug launches a dart at you. The slug dart misses you.
The slug dart hits the jackal.
The jackal dies!
The dart slug launches a dart at you. The slug dart hits you.
* * * LOW HITPOINT WARNING * * *
You start resting.
A dart slug is nearby!
The dart slug launches a dart at you. The slug dart hits you.
You die...

# # .#.# #.#.
# .......>...
.
##.#.#.#.#.#
# ####
..?........
#. #..
##.#.#.#.#.#
#.###.#
#+...........
#.....#
#.#.#.#.#.#.#
###.<.###
#.@..........
..#.....#
#.#.#.#.#.#.#
#.#.###.#
#...w........
#...#...#
#.#.#.#.#.#.#
#####.### #..
#.†........#
......# #.#
####..#..#.#
###.### #.#
#.....#.## #
....# #.#
###...#.#
.#### #.#
#..#...#


You could see a dart slug.

Vanquished Creatures
  A gnoll (D:1)
  2 endoplasms (D:1)
  A giant cockroach (D:1)
  2 goblins (D:1)
  A hobgoblin (D:1)
  A kobold (D:1)
  A quokka (D:1)
  A ball python (D:1)
  2 rats (D:1)
12 creatures vanquished.

Vanquished Creatures (others)
  A jackal (D:1)
  A plant (D:1)
2 creatures vanquished.

Grand Total: 14 creatures vanquished

Notes
Turn   | Place    | Note
-------+----------+-------------------------------------------
     0 | D:1      | billz999 the Demonspawn Monk began the quest for the Orb.
     0 | D:1      | Reached XP level 1. HP: 18/18 MP: 1/1
   597 | D:1      | Gained mutation: You have large cloven feet. [demonic
                  | ancestry]
   597 | D:1      | Reached XP level 2. HP: 13/24 MP: 2/2
   938 | D:1      | Killed from afar by a dart slug

Illustrated notes

Levels and vault maps discovered:
D:1:      psy_arrival_radial02, layout_basic, serial_bayou,
          serial_bayou_crossing, serial_bayou_pond_a, serial_bayou_lagoon_b,
          serial_bayou_lake_a, grunt_decor_one_mirror,
          chequers_serial_rivers_micro_a, st_stairs_10

Skill      XL: |  1 |
---------------+----+-----
Axes           | 3 |  3.4
Fighting       | |  3.3
Dodging        | |  2.6
Stealth        | |  1.7

Action                   || total
-------------------------++-------
Melee: Hand axe          ||    51
       Kick              ||     8
 Stab: Sleeping          ||     2
Armor: Robe              ||     9
Dodge: Dodged            ||    32

Table legend: (Time is in decaauts)
 A = Elapsed time spent in this place.
 B = Non-inter-level travel time spent in this place.
 C = Inter-level travel time spent in this place.
 D = Time resting spent in this place.
 E = Time spent auto-exploring this place.
 F = Levels seen in this place.
 G = Mean time per level.
                   A        B        C        D        E       F      G
               +--------+--------+--------+--------+--------+-----+--------+
         Total |    982 |    982 |      0 |      1 |    845 |   1 |  982.0 |
       Dungeon |    982 |    982 |      0 |      1 |    845 |   1 |  982.0 |
               +--------+--------+--------+--------+--------+-----+--------+

Top non-repeatable levels by time:
     D:1: 982 daAuts
